 Dungeon Crawl Stone Soup version 0.19.1 (console) character file.

146 MenacingMecha the Slasher (level 5, -1/34 HPs)
             Began as a High Elf Skald on Dec 10, 2016.
             Was an Initiate of Makhleb.
             Killed by nerve-wracking pain
             ... invoked by an orc priest
              (8 damage)
             ... on level 3 of the Dungeon.
             The game lasted 00:12:33 (3336 turns).

MenacingMecha the Slasher (High Elf Skald)          Turns: 3336, Time: 00:12:33

Health: -1/34      AC:  5    Str: 12    XL:     5   Next: 7%
Magic:  9/9        EV: 10    Int: 15    God:    Makhleb [......]
Gold:   47         SH:  0    Dex: 15    Spells: 1 memorised, 7 levels left

rFire  . . .     SeeInvis .     a - +0 falchion
rCold  . . .     Gourm    .     b - +0 ring mail
rNeg   . . .     Faith    .     (no shield)
rPois  .         Spirit   .     (no helmet)
rElec  .         Reflect  .     (no cloak)
rCorr  .         Harm     .     (no gloves)
MR     .....                    (no boots)
Stlth  +.........               (no amulet)
                                (no ring)
                                (no ring)

@: no status effects
A: no striking features
a: Renounce Religion


You were on level 3 of the Dungeon.
You worshipped Makhleb.
Makhleb was noncommittal.
You were not hungry.

You visited 1 branch of the dungeon, and saw 3 of its levels.

You collected 47 gold pieces.

Inventory:

Hand Weapons
 a - a +0 falchion (weapon)
Armour
 b - a +0 ring mail (worn)
Scrolls
 e - 2 scrolls of immolation {unknown}
 f - a scroll of teleportation {unknown}
 k - a scroll of fog {unknown}
 l - 3 scrolls of identify {unknown}
 o - a scroll of remove curse {unknown}
Potions
 h - 3 potions of curing {unknown}
 i - a potion of resistance {unknown}
 j - a potion of mutation {unknown}
 m - a potion of agility {unknown}
 n - a potion of might
 p - 2 potions of lignification {unknown}
Books
 c - a book of Battle

   Spells                             Type                      Level
   a - Infusion                       Charms                       1
   b - Shroud of Golubria             Charms/Translocation         2
   c - Song of Slaying                Charms                       2
   d - Spectral Weapon                Hexes/Charms                 3
   e - Regeneration                   Charms/Necromancy            3
Comestibles
 d - 2 bread rations
 g - 2 beef jerkies
 q - 3 chunks of flesh


   Skills:
 - Level 2.0 Fighting
 + Level 6.4 Long Blades
 - Level 0.8 Armour
 - Level 1.1 Dodging
 - Level 2.4 Spellcasting
 - Level 3.6 Charms


You had 7 spell levels left.
You knew the following spells:

 Your Spells              Type           Power        Failure   Level  Hunger
a - Infusion              Chrm           ##..         12%         1    #......


Dungeon Overview and Level Annotations

Branches:
Dungeon (3/15)

Altars:
Makhleb
Vehumet

Annotations:
D:2 Sigmund
D:3 TheSquall's ghost, amateur MiFi


Message History

The orc priest mumbles some strange prayers to Beogh against you.
Beogh smites you!
An orc priest comes into view. It is wielding a dagger.
The orc priest shouts!
You hear a shout! x3
The orc priest shouts!
TheSquall's ghost whispers, "Meet the emptiness of death!"
You hit the orc priest.
The orc priest is lightly wounded.
The orc priest calls down the wrath of Beogh upon you.
Beogh smites you!
TheSquall's ghost hits you but does no damage.
The orc priest hits you with a whip.
* * * LOW HITPOINT WARNING * * *
You hit the orc priest but do no damage.
The orc priest is lightly wounded.
The orc priest miscasts a cantrip.
TheSquall's ghost barely misses you.
The orc priest calls down the wrath of Beogh upon you.
Pain shoots through your body!
You die...

#.............##.#...........[.
#............>...............##
#..........##.#<..)..#######...
#..............#.###.##### ##..
#..........##............####..
#...........<..................
#..........##....o.......#####.
#.........###...o........# .
##.######## #.o.............
#.# ##o##.....###### #.#
#@##.......
#.###########W###.###...
#....(........###.# ...
#########.........#
#........##### ... #........#
...... #........# #.........
#........# #.........
####.##### ####........ #.#
#.........#
#.#######.........####


You could see 4 orc priests and TheSquall's ghost.

Vanquished Creatures
  Ijyb (D:2)
  5 adders (D:2)
  A worm (D:2)
  A dart slug (D:1)
  2 leopard geckos
  A ball python (D:1)
  9 bats
  6 giant cockroaches
  6 hobgoblins
  8 jackals
  6 kobolds
  4 quokkas
  2 frilled lizards (D:2)
  9 goblins
  2 rats
63 creatures vanquished.

Notes
Turn   | Place    | Note
-------+----------+-------------------------------------------
     0 | D:1      | MenacingMecha the High Elf Skald began the quest for the Orb.
     0 | D:1      | Reached XP level 1. HP: 14/14 MP: 4/4
   244 | D:1      | Reached skill level 3 in Long Blades
   281 | D:1      | Reached XP level 2. HP: 14/19 MP: 6/6
   653 | D:1      | Reached skill level 4 in Long Blades
   929 | D:1      | Reached XP level 3. HP: 24/24 MP: 7/7
  1240 | D:2      | Noticed Sigmund
  1554 | D:2      | Noticed Ijyb
  1570 | D:2      | Killed Ijyb
  1570 | D:2      | Reached skill level 5 in Long Blades
  1570 | D:2      | Reached XP level 4. HP: 25/29 MP: 8/8
  2109 | D:2      | Found a faded altar of an unknown god.
  2569 | D:2      | Found a burning altar of Makhleb.
  2569 | D:2      | Found a radiant altar of Vehumet.
  2585 | D:2      | Became a worshipper of Makhleb the Destroyer
  2640 | D:2      | Reached skill level 6 in Long Blades
  2840 | D:2      | Reached XP level 5. HP: 12/34 MP: 9/9
  3278 | D:3      | Noticed TheSquall's ghost (amateur MiFi)
  3336 | D:3      | Killed from afar by an orc priest

Skill      XL: |  1  2  3  4 |
---------------+-------------+-----
Long Blades    | 3 4 5 6 |  6.4
Fighting       | |  2.0
Armour         | |  0.8
Dodging        | |  1.1
Spellcasting   | |  2.4
Charms         | |  3.6

Action                   |  1- 3 |  4- 6 || total
-------------------------+-------+-------++-------
Melee: Falchion          |   114 |   128 ||   242
  Eat: Chunk             |     2 |     6 ||     8
Armor: Chain mail        |    22 |       ||    22
       Scale mail        |    16 |       ||    16
       Ring mail         |    17 |    60 ||    77
Dodge: Dodged            |    57 |    81 ||   138
       Rpst.: Falchion   |    19 |    24 ||    43
